Map: Shrines of Lizul

Players

OpuS

  • Race: Protoss Protoss
  • League: Platinum
  • Spawn Location: 6:00

Sketchaphone

  • Race: Zerg Zerg
  • League: Platinum
  • Spawn Location: 9:00

mac - Winner!

  • Race: Zerg Zerg
  • Spawn Location: 12:00

Penguini - Winner!

  • Race: Protoss Protoss
  • Spawn Location: 3:00

VOD

Have the link to the VOD?

Description

Time

  • Played on: Feb. 16, 2019, 7:35 p.m.
  • Length: 8:59
Show
View Real Time Build Order
Export as new Build Order

OpuS Protoss 

Build Orders:  

Get SALT Encoding   

  12  0:01  Probe  
  13  0:13  Probe  
  14  0:20  Pylon  
  14  0:25  Probe  
  15  0:35  Probe  
  16  0:43  Gateway, Probe  
  17  0:57  Gateway  
  17  1:07  Pylon  
  17  1:15  Probe  
  17  1:23  Probe  
  19  1:37  Zealot  
  21  1:40  Probe  
  21  1:44  Zealot  
  24  1:52  Probe  
  24  1:53  Cybernetics Core  
  25  1:57  Assimilator  
  25  2:00  Assimilator  
  24  2:04  Probe  
  24  2:05  Zealot  
  27  2:16  Probe  
  28  2:28  Probe  
  29  2:37  Probe  
  30  2:44  Warp Gate  
  30  2:46  Probe  
  30  2:49  Gateway  
  31  3:15  Probe  
  30  3:27  Probe  
  31  3:35  Pylon  
  31  3:43  Pylon  
  33  3:48  Stalker  
  31  3:53  Probe  
  31  3:54  Twilight Council  
  32  4:02  Shield Battery  
  30  4:04  Stalker  
  24  4:38  Probe  
  24  4:50  Probe  
  25  4:59  Stargate  
  25  5:02  Probe  
  26  5:08  Stalker  
  28  5:22  Stargate  
  28  5:23  Probe  
  27  5:29  Sentry  
  27  5:30  Sentry  
  29  5:51  Oracle  
  32  6:05  Stalker  
  32  6:10  Stalker  
  36  6:21  Stalker  
Show
View Real Time Build Order
Export as new Build Order

Sketchaphone Zerg 

Build Orders: Pool First 

Get SALT Encoding   

  12  0:01  Drone  
  13  0:09  Drone  
  14  0:28  Spawning Pool  
  13  0:34  Overlord  
  13  0:38  Drone  
  14  0:55  Drone x2  
  14  0:57  Drone  
  17  1:02  Extractor  
  16  1:07  Drone  
  17  1:26  Hatchery  
  17  1:27  Drone  
  17  1:33  Zergling x2  
  17  1:39  Drone  
  19  1:50  Queen  
  19  1:53  Overlord  
  21  2:00  Zergling x2  
  22  2:08  Metabolic Boost  
  22  2:16  Overlord  
  22  2:22  Zergling x2  
  23  2:35  Zergling x2  
  24  2:39  Zergling x2  
  24  2:43  Zergling x2  
  26  2:50  Queen, Zergling x2  
  29  2:54  Zergling x2  
  30  3:01  Zergling x8  
  34  3:14  Zergling x4  
  35  3:24  Zergling x4  
  35  3:25  Baneling Nest  
  35  3:31  Spine Crawler  
  32  3:47  Zergling x6, Spine Crawler  
  32  3:48  Zergling x2  
  24  4:00  Zergling x8  
  29  4:02  Zergling x2  
  29  4:06  Zergling x2  
  30  4:13  Zergling x4  
  30  4:16  Zergling x2  
  33  4:19  Drone  
  32  4:36  Zergling x4  
  32  4:38  Drone x4  
  38  4:44  Drone x2  
  40  4:47  Drone  
  41  4:53  Evolution Chamber  
  41  4:57  Drone  
  34  5:07  Overlord  
  34  5:13  Drone  
  35  5:14  Drone  
  35  5:16  Overlord  
  35  5:17  Overlord  
  36  5:22  Zerg Ground Armor Level 1  
  36  5:32  Spine Crawler  
  36  5:34  Zergling x12  
  40  5:43  Baneling  
  40  5:46  Zergling x4  
  42  5:53  Zergling x4  
  44  5:57  Zergling x6  
  46  6:08  Baneling x2  
  46  6:10  Hatchery  
  36  6:22  Zergling x16  
  36  6:23  Zergling x4  
  46  6:28  Zergling x2  
  46  6:31  Zergling x2  
  48  6:46  Zergling x2  
  47  6:47  Baneling x4  
  47  6:48  Zergling x4  
  44  6:55  Zergling x6  
  44  6:59  Zergling x4  
  36  7:09  Baneling x2  
  35  7:16  Zergling x2  
  35  7:20  Zergling x6  
  37  7:22  Baneling  
  41  7:30  Zergling x14  
  41  7:35  Zergling x2  
  39  7:38  Zergling x2  
  39  7:41  Baneling x4  
  39  7:43  Zergling x2  
  32  7:48  Baneling  
  32  7:49  Baneling x2  
  20  8:01  Zergling x16  
  28  8:11  Zergling x4  
  28  8:12  Drone  
  31  8:13  Queen  
  28  8:32  Drone  
  27  8:39  Drone x2  
  29  8:45  Drone  
Show
View Real Time Build Order
Export as new Build Order

mac Zerg - Winner!

Build Orders: Pool First 

Get SALT Encoding   

  12  0:01  Drone  
  13  0:13  Overlord  
  13  0:18  Drone  
  14  0:35  Spawning Pool  
  13  0:38  Drone  
  13  0:42  Drone  
  15  0:50  Drone, Extractor  
  15  0:52  Drone  
  16  1:00  Drone  
  17  1:14  Overlord  
  17  1:21  Queen  
  17  1:23  Zergling x2  
  20  1:33  Zergling x2  
  21  1:53  Hatchery  
  21  1:54  Metabolic Boost  
  20  2:00  Zergling x2  
  21  2:03  Zergling x2  
  22  2:16  Zergling x4  
  24  2:27  Zergling x2  
  25  2:31  Zergling x4  
  25  2:32  Zergling x2  
  28  2:40  Overlord  
  28  2:52  Zergling x2  
  28  2:55  Lair  
  29  3:05  Drone x3  
  31  3:36  Queen, Zergling x6  
  31  3:37  Zergling x4  
  30  4:08  Drone x4, Zergling x2  
  30  4:09  Zergling x6  
  37  4:22  Drone  
  37  4:23  Spire  
  36  4:26  Extractor  
  36  4:28  Drone  
  36  4:36  Drone x2  
  38  4:55  Zergling x6  
  38  4:56  Zergling x8  
  36  5:04  Spine Crawler  
  36  5:05  Zergling x2  
  36  5:07  Spine Crawler  
  36  5:08  Zergling x4  
  37  5:14  Zergling x2  
  37  5:19  Zergling x4  
  40  5:24  Overlord  
  38  5:44  Drone x2  
  38  5:45  Drone  
  38  5:46  Zerg Flyer Weapons Level 1  
  38  5:47  Drone  
  38  5:48  Drone x3  
  45  5:51  Extractor  
  43  6:27  Mutalisk x2  
  43  6:28  Overlord  
  43  6:29  Overlord x3  
  46  6:46  Mutalisk  
  47  6:47  Overlord x3  
  47  6:48  Zergling x4  
  49  7:13  Drone x2  
  51  7:15  Drone  
  51  7:16  Drone  
  51  7:19  Extractor  
  52  7:33  Mutalisk x2  
  56  7:40  Drone x2  
  56  7:41  Drone  
  59  7:44  Drone x2  
  59  7:45  Drone x2  
  63  8:04  Mutalisk  
  65  8:06  Drone x3  
  68  8:14  Mutalisk x2  
  68  8:17  Hatchery  
Show
View Real Time Build Order
Export as new Build Order

Penguini Protoss - Winner!

Build Orders:  

Get SALT Encoding   

  12  0:00  Probe  
  13  0:12  Probe  
  14  0:22  Pylon  
  14  0:25  Probe  
  15  0:40  Gateway  
  15  0:41  Probe  
  15  0:46  Assimilator  
  15  0:49  Probe  
  16  0:56  Assimilator  
  17  0:58  Probe  
  18  1:10  Probe  
  18  1:19  Gateway  
  18  1:22  Probe  
  19  1:31  Pylon  
  19  1:40  Probe  
  20  1:52  Probe  
  21  1:57  Cybernetics Core  
  21  2:04  Probe  
  22  2:16  Warp Gate  
  22  2:17  Probe  
  23  2:24  Gateway  
  23  2:34  Adept  
  23  2:35  Adept  
  27  2:42  Pylon  
  26  3:24  Probe  
  27  3:48  Gateway x2  
  27  3:52  Twilight Council  
  27  3:57  Pylon  
  27  3:59  Pylon  
  27  4:18  Resonating Glaives  
  27  4:22  Probe  
  28  4:34  Probe  
  25  4:40  Adept x3  
  31  4:46  Probe  
  31  4:51  Adept x2  
  36  4:56  Pylon  
  36  5:02  Adept x3  
  42  5:38  Adept x4  
  42  5:39  Adept  
  42  5:41  Gateway  
  48  6:28  Adept x2  
  48  6:29  Adept x3  
  58  6:39  Shield Battery  
  58  6:42  Shield Battery  
  53  7:01  Adept x4  
  46  7:39  Adept x2  
  44  7:48  Probe  
  40  7:56  Probe  
  32  8:05  Probe  
  33  8:18  Probe  
  30  8:29  Adept x5  
  32  8:38  Probe  
Tags
 
Add a new tag
Caveats
  • Supply blocks, unpowered buildings, or Contaminate may cause inaccurate times.
  • Supply counts are checked every 10 seconds.